 Dungeon Crawl Stone Soup version 0.21-a0-442-g848f44b (webtiles) character file.

5154 nikopol the Thaumaturge (level 10, -4/51 HPs)
             Began as a Deep Elf Fire Elementalist on Nov 13, 2017.
             Was a Follower of Sif Muna.
             Slain by a very large slime creature (55 damage)
             ... on level 8 of the Dungeon.
             The game lasted 00:44:54 (9918 turns).

nikopol the Thaumaturge (DEFE)                      Turns: 9918, Time: 00:44:54

Health: -4/51      AC:  7    Str:  5      XL:     10   Next: 33%
Magic:  16/27      EV: 13    Int: 24      God:    Sif Muna [*.....]
Gold:   717        SH:  4    Dex: 13 (15) Spells: 17/32 levels left

rFire    + . .     SeeInvis .   e - staff of fire
rCold    . . .     Gourm    .   (no shield)
rNeg     + . .     Faith    .   M - +2 robe
rPois    .         Spirit   .   (no helmet)
rElec    .         Reflect  +   r - +1 cloak {MR+}
rCorr    .         Harm     .   I - +0 pair of gloves
MR       ++...                  (no boots)
Stlth    ++++......             y - +4 amulet of reflection
HPRegen  0.17/turn              x - ring of positive energy
MPRegen  0.20/turn              C - ring of stealth

@: no status effects
A: no striking features
a: Divine Energy, Renounce Religion


You were on level 8 of the Dungeon.
You worshipped Sif Muna.
Sif Muna was aware of your devotion.
You were near starving.

You visited 2 branches of the dungeon, and saw 9 of its levels.

You collected 717 gold pieces.

Inventory:

Hand Weapons
 Y - the +9 falchion of Qocaptut {slice, +Blink SInv}
   (You took it off a gnoll on level 8 of the Dungeon)

   It inflicts extra damage upon your enemies.
   It lets you see invisible.
   It lets you blink.
Armour
 r - a +1 cloak of magic resistance (worn)
 I - a +0 pair of gloves (worn)
 M - a +2 robe (worn)
Magical Staves
 e - an uncursed staff of fire (weapon)
Jewellery
 a - an uncursed ring of wizardry {unknown}
 x - a ring of positive energy (left hand)
 y - a +4 amulet of reflection (around neck)
 C - a ring of stealth (right hand)
Wands
 m - a wand of lightning (9/15)
 N - a wand of random effects (40/48)
 Q - a wand of iceblast (8/15)
 R - a wand of flame (29/48)
 X - a wand of paralysis (11/24)
Scrolls
 d - 4 scrolls of remove curse
 h - 6 scrolls of teleportation
 i - 3 scrolls of fear {unknown}
 j - 4 scrolls of enchant weapon {unknown}
 k - 4 scrolls of enchant armour {unknown}
 q - a scroll of recharging {unknown}
 t - a scroll of blinking {unknown}
 v - 2 scrolls of immolation
 D - 2 scrolls of magic mapping {unknown}
 E - 3 scrolls of amnesia {unknown}
 H - a scroll of brand weapon {unknown}
 J - a scroll of random uselessness {unknown}
 O - 5 scrolls of identify {unknown}
Potions
 f - 6 potions of lignification {unknown}
 o - 4 potions of mutation {unknown}
 p - a potion of agility {unknown}
 s - a potion of magic {unknown}
 u - 6 potions of curing {unknown}
 w - 2 potions of heal wounds
 z - 2 potions of flight {unknown}
 A - a potion of haste
 B - 3 potions of degeneration {unknown}
 F - a potion of resistance {unknown}
 G - a potion of brilliance {unknown}
 L - 2 potions of ambrosia {unknown}
 P - a potion of invisibility {unknown}
Books
 b - a book of Flames

   Spells                             Type                      Level
   a - Flame Tongue                   Conjuration/Fire             1
   b - Throw Flame                    Conjuration/Fire             2
   c - Conjure Flame                  Conjuration/Fire             3
   d - Inner Flame                    Hexes/Fire                   3
   e - Sticky Flame                   Conjuration/Fire             4
   f - Fireball                       Conjuration/Fire             5
 n - a book of Battle

   Spells                             Type                      Level
   a - Infusion                       Charms                       1
   b - Shroud of Golubria             Charms/Translocation         2
   c - Song of Slaying                Charms                       2
   d - Spectral Weapon                Hexes/Charms                 3
   e - Regeneration                   Charms/Necromancy            3
 K - a book of Cantrips

   Spells                             Type                      Level
   a - Confusing Touch                Hexes                        1
   b - Animate Skeleton               Necromancy                   1
   c - Summon Small Mammal            Summoning                    1
   d - Apportation                    Translocation                1
 S - a book of Frost

   Spells                             Type                      Level
   a - Freeze                         Ice                          1
   b - Throw Frost                    Conjuration/Ice              2
   c - Ozocubu's Armour               Charms/Ice                   3
   d - Throw Icicle                   Conjuration/Ice              4
   e - Summon Ice Beast               Ice/Summoning                4
 T - a book of Minor Magic

   Spells                             Type                      Level
   a - Magic Dart                     Conjuration                  1
   b - Blink                          Translocation                2
   c - Call Imp                       Summoning                    2
   d - Slow                           Hexes                        2
   e - Conjure Flame                  Conjuration/Fire             3
   f - Mephitic Cloud                 Conjuration/Poison/Air       3
 U - a book of Misfortune

   Spells                             Type                      Level
   a - Confusing Touch                Hexes                        1
   b - Confuse                        Hexes                        3
   c - Gell's Gravitas                Translocation                3
   d - Petrify                        Transmutation/Earth          4
   e - Metabolic Englaciation         Hexes/Ice                    5
   f - Yara's Violent Unravelling     Hexes/Transmutation          5
Comestibles
 c - 4 bread rations
 g - 6 meat rations
 l - 3 royal jellies
 W - 3 fruits


   Skills:
 + Level 0.6 Fighting
   Level 1.7 Short Blades
 + Level 3.7 Dodging
 + Level 4.8 Stealth
 + Level 11.8 Spellcasting
 + Level 8.7 Conjurations
 + Level 9.7 Fire Magic
 + Level 0.3 Ice Magic


You had 17 spell levels left.
You knew the following spells:

 Your Spells              Type           Power        Failure   Level  Hunger
a - Flame Tongue          Conj/Fire      #####        1%          1    None
b - Throw Flame           Conj/Fire      ######       1%          2    None
c - Conjure Flame         Conj/Fire      ######..     1%          3    None
d - Fireball              Conj/Fire      ######....   2%          5    ###....
e - Throw Icicle          Conj/Ice       #####...     7%          4    None


Dungeon Overview and Level Annotations

Branches:
Dungeon (8/15)             Temple (1/1) D:7            Lair (0/6) D:8

Altars:
Ashenzari
Cheibriados
Dithmenos
Elyvilon
Fedhas
Gozag
Kikubaaqudgha
Makhleb
Nemelex Xobeh
Okawaru
Qazlal
Ru
Sif Muna
Trog
Uskayaw
Vehumet
Xom
Yredelemnul
Zin
The Shining One

Shops:
D:5 [   D:6 *

Annotations:
D:4 Celandrion's ghost, amateur DsGl


Message History

Aiming: Fireball
Press: ? - help, Shift-Dir - straight line, f/p - very large slime creature
Aim: a very large slime creature (lightly wounded)
You feel a surge of power!
The fireball explodes!
The fireball engulfs the very large slime creature.
The very large slime creature is moderately wounded.
You see here 28 stones.
Casting: Fireball
Confirm with . or Enter, or press ? or * to list all spells.
Aiming: Fireball
Press: ? - help, Shift-Dir - straight line, p - very large slime creature You feel a surge of power!
The fireball explodes!
The fireball engulfs the very large slime creature.
The very large slime creature is moderately wounded.
The fireball engulfs the slime creature.
The slime creature is severely wounded.
The slime creature quivers.
The very large slime creature hits you!!!
Ouch! That really hurt!
You die...

#.#
##.###.##J.....#.#
#.#
#.(.#.....[......#
#.#
#.#....(.....##..#
#.#
#.....#####(..#...
#.# #.#..##
##..##.#
#.####...##
##.##.# #.....J.##
#.##.# ######J..#
.._.....##.# #@#.#
......####.# #)#.#
.....### #.. #.#.#
#...##.# ###
#######.#.# ####
#.# #.......#.#
#.# #.#######.#
#.# #.#
#.########.## #.#
#[........#.####
#.#
###.#....###....


You could see a very large slime creature and a slime creature.

Vanquished Creatures
  2 two-headed ogres (D:8)
  Pikel (D:7)
  The ghost of nikopol the Magician, a novice DEFE of Vehumet (D:7)
  A slime creature (D:7)
  A hippogriff (D:7)
  Sigmund (D:5)
  A wraith (D:8)
  Edmund (D:4)
  2 sky beasts
  2 orc warriors
  A phantom (D:6)
  A black bear (D:8)
  An ice beast (D:7)
  An ogre (D:8)
  3 centaurs
  Blork the orc (D:4)
  A scorpion (D:4)
  A howler monkey (D:5)
  2 bullfrog zombies (D:5)
  5 crimson imps
  A centaur skeleton (D:5)
  A hound (D:7)
  A quasit (D:7)
  3 jellies
  Crazy Yiuf (D:3)
  Jessica (D:3)
  Natasha (thrice) (D:4)
  3 orc wizards
  3 worker ants
  A hound zombie (D:5)
  3 hound skeletons (D:5)
  A worker ant zombie (D:8)
  Robin (D:2)
  A howler monkey zombie (D:7)
  11 gnolls
  12 adders
  2 shadow imps
  3 oozes
  3 adder zombies (D:5)
  7 worms
  3 dart slugs
  6 leopard geckos
  20 orcs
  10 bats
  5 giant cockroaches
  6 hobgoblins
  8 jackals
  6 kobolds
  2 quokkas (D:3)
  2 ball pythons
  A ball python skeleton (D:3)
  5 frilled lizards
  A giant cockroach zombie (D:5)
  14 goblins
  A jackal zombie (D:6)
  A leopard gecko skeleton (D:4)
  3 quokka skeletons
  A quokka zombie (D:5)
  7 rats
194 creatures vanquished.

Vanquished Creatures (others)
  An ogre (D:7)
  2 slaves (D:7)
  A centaur (D:7)
4 creatures vanquished.

Grand Total: 198 creatures vanquished

Notes
Turn   | Place    | Note
-------+----------+-------------------------------------------
     0 | D:1      | nikopol the Deep Elf Fire Elementalist began the quest for the Orb.
     0 | D:1      | Reached XP level 1. HP: 10/10 MP: 6/6
   386 | D:1      | Reached XP level 2. HP: 15/15 MP: 5/8
   390 | D:1      | Learned a level 2 spell: Throw Flame
   939 | D:2      | Reached XP level 3. HP: 15/19 MP: 7/10
   944 | D:2      | Learned a level 3 spell: Conjure Flame
  1349 | D:2      | Reached skill level 4 in Spellcasting
  1417 | D:2      | Found a basalt altar of Yredelemnul.
  1467 | D:2      | Found a white marble altar of Elyvilon.
  1574 | D:2      | Found a glowing silver altar of Zin.
  1635 | D:3      | Reached XP level 4. HP: 23/24 MP: 1/12
  1826 | D:3      | Noticed Robin
  1847 | D:2      | Killed Robin
  2090 | D:3      | Reached XP level 5. HP: 28/28 MP: 0/13
  2319 | D:3      | Learned a level 5 spell: Fireball
  2371 | D:3      | Found a runed door.
  2623 | D:3      | Noticed Jessica
  2633 | D:3      | Killed Jessica
  2633 | D:3      | Reached skill level 5 in Fire Magic
  3070 | D:3      | Reached skill level 5 in Spellcasting
  3245 | D:3      | Noticed Crazy Yiuf
  3251 | D:3      | Killed Crazy Yiuf
  3251 | D:3      | Reached XP level 6. HP: 32/32 MP: 6/15
  3393 | D:4      | Noticed Celandrion's ghost (amateur DsGl)
  3977 | D:4      | Noticed Edmund
  4124 | D:4      | Noticed Natasha
  4126 | D:4      | Killed Natasha
  4155 | D:4      | Killed Edmund
  4383 | D:4      | Noticed Blork the orc
  4396 | D:4      | Killed Blork the orc
  4396 | D:4      | Reached skill level 6 in Spellcasting
  4396 | D:4      | Reached XP level 7. HP: 36/36 MP: 6/18
  4815 | D:4      | Noticed Natasha
  4823 | D:4      | Killed Natasha
  4881 | D:4      | Noticed Natasha
  4887 | D:4      | Killed Natasha
  5051 | D:5      | Entered Level 5 of the Dungeon
  5051 | D:5      | Noticed Sigmund
  5268 | D:5      | Killed Sigmund
  5268 | D:5      | Reached skill level 7 in Spellcasting
  5400 | D:5      | Got a spiked hat
  5411 | D:5      | Identified the cursed +0 hat of Dim Light {rC++ Int-3} (You found it on level 5 of the Dungeon)
  5513 | D:5      | Reached skill level 5 in Conjurations
  5784 | D:5      | Reached XP level 8. HP: 33/41 MP: 14/21
  5916 | D:5      | Found Yxka's Antique Armour Shoppe.
  6106 | D:5      | Found a hide-covered altar of Uskayaw.
  6106 | D:5      | Found a burning altar of Makhleb.
  6233 | D:6      | Found a shadowy altar of Dithmenos.
  6240 | D:6      | Reached skill level 8 in Spellcasting
  6415 | D:6      | Found an iron altar of Okawaru.
  6696 | D:6      | Found Mycoing's Assorted Antiques.
  7223 | D:7      | Reached skill level 9 in Spellcasting
  7250 | D:7      | Noticed a hippogriff
  7397 | D:7      | Noticed Pikel
  7413 | D:7      | Killed Pikel
  7413 | D:7      | Reached skill level 1 in Short Blades
  7413 | D:7      | Reached XP level 9. HP: 34/45 MP: 2/24
  7564 | D:7      | Found an opulent altar of Gozag.
  7564 | D:7      | Noticed nikopol's ghost (novice DEFE)
  7568 | D:7      | Killed nikopol's ghost
  7568 | D:7      | Reached skill level 10 in Spellcasting
  8093 | D:7      | Found a staircase to the Ecumenical Temple.
  8105 | Temple   | Entered the Ecumenical Temple
  8134 | Temple   | Became a worshipper of Sif Muna the Loreminder
  8371 | D:7      | Found a glowing golden altar of the Shining One.
  8449 | D:8      | Found the +8 demon blade "Bloodbane" {slice, *Rage +Rage Stlth-}
  8613 | D:8      | Learned a level 4 spell: Throw Icicle
  8779 | D:8      | Noticed a two-headed ogre
  8784 | D:8      | Killed a two-headed ogre
  8784 | D:8      | Reached skill level 11 in Spellcasting
  8784 | D:8      | Reached XP level 10. HP: 51/51 MP: 1/27
  8891 | D:8      | Reached * piety under Sif Muna
  9006 | D:8      | Got a translucent falchion {slice}
  9007 | D:8      | Identified the +9 falchion of Qocaptut {slice, +Blink SInv} (You took it off a gnoll on level 8 of the Dungeon)
  9037 | D:8      | Noticed a two-headed ogre
  9063 | D:8      | Killed a two-headed ogre
  9228 | D:8      | Found a sacrificial altar of Ru.
  9316 | D:8      | Found a staircase to the Lair.
  9802 | D:8      | Found a shattered altar of Ashenzari.
  9918 | D:8      | Slain by a very large slime creature

Vault maps used:
D:1:      minmay_arrival_four_circles, lemuel_another_geyser
D:2:      kennysheep_ying_yang, zin_statuary, minmay_split_cup_large
D:3:      first_bread, minmay_divided_ellipse, uniq_crazy_yiuf_cottage,
          uniq_jessica, uniq_robin
D:4:      uniq_edmund, uniq_natasha, uniq_blork_the_orc
D:5:      amethyst_overflow_temple_binary, serial_undead, serial_undead_c,
          serial_undead_d, serial_undead_c, serial_undead_d, serial_shops, shop,
          uniq_sigmund
D:6:      nicolae_dithmenos_the_darkroom, lemuel_coloured_pillars_altar,
          serial_shops, shop, serial_bayou_pond_a
D:7:      kennysheep_little_box, nicolae_tso_swordbearing_angel,
          minmay_temple_entry_hall, uniq_pikel
D:8:      lemuel_round_altar, lemuel_doored_altar,
          nicolae_ru_great_annihilating_truth, lair_entry_dummy,
          minmay_guarded_unrand_finisher
Temple:   chequers_temple_sunken

Skill      XL: |  1  2  3  4  5  6  7  8  9 |
---------------+----------------------------+-----
Fire Magic     | 4 5 6 7 9 |  9.7
Spellcasting   | 4 5 6 7 9 11 | 11.8
Conjurations   | 2 3 4 5 6 8 |  8.7
Stealth        | 3 4 |  4.8
Short Blades   | 1 |  1.7
Dodging        | 3 |  3.7
Fighting       | |  0.6
Ice Magic      | |  0.3

Action                   |  1- 3 |  4- 6 |  7- 9 | 10-12 || total
-------------------------+-------+-------+-------+-------++-------
Melee: Dagger            |     2 |     4 |    71 |       ||    77
       Falchion          |       |       |       |     1 ||     1
 Cast: Flame Tongue      |    75 |   184 |   214 |    35 ||   508
       Conjure Flame     |     2 |    14 |    15 |     3 ||    34
       Throw Flame       |       |     5 |     9 |    14 ||    28
       Fireball          |       |       |    11 |     8 ||    19
       Throw Icicle      |       |       |       |     1 ||     1
  Use: Scroll            |       |       |     3 |       ||     3
  Eat: Chunk             |     1 |     7 |     7 |     3 ||    18
       Bread ration      |       |     1 |       |       ||     1
       Meat ration       |       |       |     1 |       ||     1
       Royal jelly       |       |       |     1 |       ||     1
Armor: Robe              |     4 |     6 |    18 |     8 ||    36
Dodge: Dodged            |    18 |    31 |    50 |    23 ||   122
Block: Other             |       |       |    16 |     5 ||    21
       Reflection        |       |       |     2 |       ||     2

Table legend:
 A = Spawn XP
 B = Non-spawn XP
 C = Spawn XP percentage of total XP
 D = Spawn monster count
 E = Non-spawn monster count
 F = Spawn count percentage of total count
 G = Total turns spent on level
                    A         B        C        D         E        F      G
               +---------+---------+-------+---------+---------+-------+---------
         Total |       0 |    7364 |   0.0 |       0 |     194 |   0.0 |  9918
               +---------+---------+-------+---------+---------+-------+---------
           D:1 |       0 |      20 |   0.0 |       0 |      11 |   0.0 |   864
           D:2 |       0 |     101 |   0.0 |       0 |      26 |   0.0 |  1078
           D:3 |       0 |     286 |   0.0 |       0 |      48 |   0.0 |  2024
           D:4 |       0 |     528 |   0.0 |       0 |      24 |   0.0 |  1119
           D:5 |       0 |     630 |   0.0 |       0 |      25 |   0.0 |  1123
           D:6 |       0 |     514 |   0.0 |       0 |      11 |   0.0 |  1267
           D:7 |       0 |    2452 |   0.0 |       0 |      21 |   0.0 |  1120
           D:8 |       0 |    2833 |   0.0 |       0 |      28 |   0.0 |  1156
               +---------+---------+-------+---------+---------+-------+---------
